 Dungeon Crawl Stone Soup version 0.29.1-1-gd02db6906a (webtiles) character file.

Game seed: 1956309216467444094

2764 Senryu the Shield-Bearer (level 9, 0/83 HPs)
             Began as a Troll Fighter on Sept 23, 2022.
             Was a Priest of Qazlal.
             Shot with a sling bullet by Joseph (1 damage)
             ... on level 7 of the Dungeon.
             The game lasted 00:36:02 (6013 turns).

Senryu the Shield-Bearer (Troll Fighter)            Turns: 6013, Time: 00:36:03

Health: 0/83       AC:  6    Str: 32    XL:     9   Next: 42%
Magic:  6/9        EV:  9    Int:  8    God:    Qazlal [***...]
Gold:   290        SH: 12    Dex: 11    Spells: 0/10 levels left

rFire   . . .      SeeInvis .   j - +1 war axe (vamp)
rCold   . . .      Faith    +   b - +0 kite shield
rNeg    . . .      Spirit   .   a - +0 robe
rPois   .          Reflect  .   m - +2 hat
rElec   .          Harm     .   (no cloak)
rCorr   .          Rampage  .   (gloves unavailable)
Will    +....                   (boots unavailable)
Stlth   +.........              r - amulet of faith
HPRegen 1.03/turn               d - +6 ring of strength
MPRegen 0.11/turn               l - ring "Fam Geuq" {Wiz Will+ Int+2}

@: no status effects
A: large, unfitting armour, claws 3, regeneration 1, shaggy fur 1, tough skin 1
a: Renounce Religion, Upheaval, Elemental Force


You were on level 7 of the Dungeon.
You worshipped Qazlal.
Qazlal was most pleased with you.
You visited 1 branch of the dungeon, and saw 7 of its levels.
You also visited: Ossuary.

You collected 340 gold pieces.
You spent 50 gold pieces at shops.

Inventory:

Hand Weapons
 j - a +1 vampiric war axe (weapon)
Missiles
 e - 6 javelins (quivered)
 f - 8 boomerangs
 k - 6 curare-tipped darts
Armour
 a - a +0 robe (worn)
 b - a +0 kite shield (worn)
 m - a +2 hat (worn)
Jewellery
 d - a +6 ring of strength (left claw)
 l - the ring "Fam Geuq" (right claw) {Wiz Will+ Int+2}
   (You found it on level 3 of the Dungeon)

   [ring of wizardry]

   It improves your spell success rate.
   Int:       It affects your intelligence (+2).
   Will:      It increases your willpower.
 r - an amulet of faith (around neck)
 u - a ring of wizardry
 v - a ring of ice
Wands
 c - a wand of flame (28)
 w - a wand of polymorph (15)
Scrolls
 i - 4 scrolls of immolation
 q - 7 scrolls of teleportation
 t - a scroll of amnesia
 y - a scroll of vulnerability
 z - 2 scrolls of poison
 B - a scroll of identify
Potions
 g - 3 potions of curing
 h - 4 potions of attraction {unknown}
 n - a potion of brilliance {unknown}
 o - a potion of lignification
 p - a potion of magic
 s - 2 potions of haste {unknown}
 x - 3 potions of heal wounds {unknown}
 A - a potion of mutation {unknown}


   Skills:
 + Level 3.4 Fighting
 * Level 3.6 Axes
 * Level 3.1 Throwing
 * Level 2.7 Armour
 * Level 4.1 Dodging
 * Level 1.8 Stealth
 * Level 4.6 Shields
 * Level 4.1 Unarmed Combat
 * Level 1.1 Spellcasting
 * Level 1.4 Summonings
 * Level 1.9 Necromancy
 * Level 1.0 Transmutations
 * Level 1.8 Air Magic
 * Level 1.3 Poison Magic
 * Level 1.9 Invocations
 * Level 2.0 Evocations


You couldn't memorise any spells.
You knew the following spells:

 Your Spells              Type           Power      Damage    Failure   Level
a - Poisonous Vapours     Pois/Air       4%         N/A       26%         2
b - Summon Small Mammal   Summ           8%         N/A       19%         1
c - Necrotise             Necr           12%        1d4       16%         1
d - Spider Form           Tmut/Pois      2%         N/A       52%         3
e - Call Canine Familiar  Summ           2%         N/A       47%         3

Your spell library contained the following spells:

 Spells                   Type           Power      Damage    Failure   Level
 Sting                    Tmut/Pois      8%         1d3       22%         1
 Beastly Appendage        Tmut           4%         N/A       24%         1
 Apportation              Tloc           0%         N/A       32%         1
 Wereblood                Tmut           2%         N/A       32%         2
 Summon Guardian Golem    Hex/Summ       1%         N/A       58%         3
 Dazzling Flash           Conj/Hex       0%         N/A       69%         3
 Olgreb's Toxic Radiance  Pois           2%         N/A       87%         4
 Alistair's Intoxication  Tmut/Pois      1%         N/A       99%         5
 Summon Mana Viper        Hex/Summ       1%         N/A       99%         5
 Dispersal                Tloc           0%         N/A       100%        6
 Haunt                    Necr/Summ      1%         N/A       100%        7
 Disjunction              Tloc           0%         N/A       100%        8


Dungeon Overview and Level Annotations

Branches:
Dungeon (7/15)             Temple (0/1) D:5         Ossuary (visited)

Altars:
Dithmenos
Elyvilon
Qazlal

Shops:
D:4 *

Annotations:
D:7 Joseph


Innate Abilities, Weirdness & Mutations

You are too large for most types of armour.
You have claws for hands.
Your natural rate of healing is unusually fast.
You are covered in fur. (AC +1)
You have tough skin. (AC +1)


Message History

There is an open door here.
There is an open door here.
There is an open door here.
There is an open door here.
There is an open door here.
There is an open door here.
There is a gate leading back out of this place here.
Welcome back to the Dungeon!
There is a collapsed entrance here.
There is an open door here.
You hear a shout!
Joseph, a Mercenary comes into view.
He is wielding a +0 quarterstaff and carrying a wand of acid (8).
Joseph unwields a +0 quarterstaff.
Joseph wields a +3 sling of freezing.
It is covered in frost.
Joseph shoots a sling bullet.
The sling bullet hits you!! The sling bullet freezes you.
Joseph shoots a sling bullet.
The sling bullet hits you! The sling bullet freezes you.
Joseph shoots a sling bullet.
You block the sling bullet.
Joseph smiles happily.
Joseph shoots a sling bullet.
The sling bullet hits you!!
* * * LOW HITPOINT WARNING * * *
The sling bullet freezes you!
* * * LOW HITPOINT WARNING * * *
Joseph shoots a sling bullet.
You block the sling bullet.
You see here a red potion.
You feel better.
Joseph shoots a sling bullet.
You block the sling bullet.
You feel better.
Joseph shoots a sling bullet.
The sling bullet hits you!
* * * LOW HITPOINT WARNING * * *
The sling bullet freezes you.
* * * LOW HITPOINT WARNING * * *
Aiming: Upheaval
Press: ? - help, Dir - move target, f - Joseph
Aim: Joseph, wielding a +3 sling of freezing, wearing a +0 leather armour and carrying a wand of acid (8)
A storm cloud blasts the area with cutting wind!
The cutting wind hits Joseph!
Joseph is lightly wounded.
Joseph shoots a sling bullet.
The sling bullet hits you!
* * * LOW HITPOINT WARNING * * *
The sling bullet freezes you.
You die...

...............##
................. ....
...............# .....
......†........##...........
#.............# #.....@.....
##.....#.....## ...........
#####.######## ##..........
<.....### ##○..........
#####...# #@.......[...
##....#.#### #☼.........#
#.....#....# #..........#
......[###.. #..........#
.......# .# #......#####
.......# . ##...'####
......## #....#...#...
.......### #...##...#.>.
.........#
#.###...##...#...#


You could see Joseph.

Vanquished Creatures
  Prince Ribbit (D:6)
  A steam dragon (D:7)
  Menkaure (D:6)
  A water moccasin (D:4)
  2 ice beasts
  2 bullfrogs
  2 necrophages
  7 scorpions
  3 wights (D:6)
  An electric eel (D:7)
  2 howler monkeys
  3 centaur zombies (Ossuary)
  2 jellies (D:7)
  3 hounds
  3 orc priests
  4 human zombies (Ossuary)
  3 iguanas
  5 scorpion zombies (Ossuary)
  7 orc wizards
  3 mummies (Ossuary)
  9 adders
  A shadow imp (D:6)
  2 dart slugs (D:2)
  32 orcs
  12 ball pythons
  5 endoplasms
  3 giant cockroaches
  12 goblins
  11 hobgoblins
  7 jackals
  5 kobolds
  5 quokkas
  6 bats
  A frilled lizard (D:1)
  A gnoll zombie (Ossuary)
  A goblin zombie (Ossuary)
  3 hobgoblin zombies (Ossuary)
  A kobold zombie (Ossuary)
  2 orc zombies (Ossuary)
  4 rats
179 creatures vanquished.

Notes
Turn   | Place    | Note
-------+----------+-------------------------------------------
     0 | D:1      | Senryu the Troll Fighter began the quest for the Orb.
     0 | D:1      | Reached XP level 1. HP: 22/22 MP: 0/0
   182 | D:2      | Reached XP level 2. HP: 24/29 MP: 1/1
   217 | D:3      | Reached XP level 3. HP: 33/36 MP: 2/2
   338 | D:4      | Noticed a necrophage
   359 | D:3      | Killed a necrophage
   360 | D:3      | Reached skill level 1 in Throwing
   360 | D:3      | Reached XP level 4. HP: 11/44 MP: 3/3
   365 | D:3      | HP: 2/44 [orc/+0 club (5)]
   467 | D:2      | Reached skill level 1 in Armour
   563 | D:4      | Reached XP level 5. HP: 27/52 MP: 4/4
   741 | D:4      | Found Jusafuis's Serpentskin Sales.
   741 | D:4      | Noticed a water moccasin
   747 | D:4      | Killed a water moccasin
   748 | D:4      | Reached skill level 1 in Stealth
   748 | D:4      | Reached XP level 6. HP: 51/59 MP: 5/5
   917 | D:4      | Found a stormy altar of Qazlal.
  1015 | D:4      | Learned a level 2 spell: Poisonous Vapours
  1191 | D:4      | Bought 6 curare-tipped darts for 50 gold pieces
  1272 | D:4      | Became a worshipper of Qazlal Stormbringer
  1650 | D:3      | Identified the ring "Fam Geuq" {Wiz Will+ Int+2}
  2134 | D:2      | Got the Discourse on Execration and the Crypt
  2222 | D:2      | Learned a level 1 spell: Summon Small Mammal
  2224 | D:2      | Learned a level 1 spell: Necrotise
  2589 | D:1      | Reached * piety under Qazlal
  2851 | D:1      | Reached skill level 1 in Evocations
  3509 | D:5      | Entered Level 5 of the Dungeon
  3509 | D:5      | Noticed an ice beast
  3522 | D:5      | Killed an ice beast
  3523 | D:5      | Reached XP level 7. HP: 35/66 MP: 2/6
  3601 | D:5      | Found a staircase to the Ecumenical Temple.
  3826 | D:5      | Reached skill level 1 in Axes
  4253 | D:6      | Reached skill level 1 in Invocations
  4574 | D:6      | Noticed Menkaure
  4581 | D:6      | Killed Menkaure
  4581 | D:6      | Reached ** piety under Qazlal
  4582 | D:6      | Reached XP level 8. HP: 41/75 MP: 7/7
  4667 | D:6      | Noticed Prince Ribbit
  4709 | D:6      | Killed Prince Ribbit
  4710 | D:6      | Reached skill level 1 in Necromancy
  4803 | D:6      | Reached skill level 1 in Summonings
  4812 | D:6      | Reached skill level 1 in Air Magic
  4911 | D:6      | Reached skill level 1 in Poison Magic
  5150 | D:6      | Learned a level 3 spell: Spider Form
  5366 | D:7      | Found a white marble altar of Elyvilon.
  5423 | D:7      | Found a shadowy altar of Dithmenos.
  5552 | D:7      | Reached skill level 1 in Spellcasting
  5556 | D:7      | Reached XP level 9. HP: 30/83 MP: 9/9
  5574 | D:7      | Found a sand-covered staircase.
  5605 | Ossuary  | Entered an ossuary
  5699 | Ossuary  | Reached *** piety under Qazlal
  5892 | Ossuary  | Reached skill level 1 in Transmutations
  5942 | Ossuary  | Learned a level 3 spell: Call Canine Familiar
  6004 | D:7      | Noticed Joseph
  6013 | D:7      | HP: 1/83 [Joseph/sling bullet (8)]
  6013 | D:7      | Shot with a sling bullet by Joseph

Illustrated notes

Levels and vault maps discovered:
D:1:      dpeg_arrival_morbid_curiosity, layout_rooms, hangedman_decor_slide_cut
D:2:      layout_basic, guppyfry_early_orc_mine
D:3:      layout_rooms
D:4:      layout_cave_pools, nicolae_qazlal_scattered_showers,
          kennysheep_cross_bottleneck, guppyfry_shop_venom
D:5:      layout_gridville, minmay_temple_entry_statues_fountains
D:6:      hellmonk_destroyed_diamonds, layout_loops_ring, portal_sewer_entry_e,
          chequers_avenue, uniq_menkaure, uniq_prince_ribbit1
D:7:      layout_rooms, nicolae_overflow_squiral,
          nicolae_ossuary_entry_false_entrances, serial_curves, eino_curves_04,
          eino_curves_03, uniq_joseph

Skill      XL: |  1  2  3  4  5  6  7  8  9 |
---------------+----------------------------+-----
Shields        | 3 4 |  4.6
Throwing       | 1 2 3 |  3.1
Armour         | 1 2 |  2.7
Dodging        | 3 4 |  4.1
Unarmed Combat | 3 4 |  4.1
Stealth        | 1 |  1.8
Evocations     | 1 2 |  2.0
Fighting       | 3 |  3.4
Axes           | 1 2 3 |  3.6
Invocations    | 1 |  1.9
Necromancy     | 1 |  1.9
Summonings     | 1 |  1.4
Air Magic      | 1 |  1.8
Poison Magic   | 1 |  1.3
Spellcasting   | 1 |  1.1
Transmutations | 1 |  1.0

Action                   |  1- 3 |  4- 6 |  7- 9 || total
-------------------------+-------+-------+-------++-------
Melee: Unarmed           |    64 |   101 |       ||   165
       War axe           |       |    72 |   264 ||   336
Throw: Javelin           |     1 |    15 |     9 ||    25
 Cast: Necrotise         |       |     3 |     4 ||     7
       Poisonous Vapours |       |     3 |     1 ||     4
       Summon Small Mamm |       |       |     1 ||     1
Invok: Upheaval          |       |       |     1 ||     1
Evoke: Wand              |       |     5 |     6 ||    11
  Use: Potion            |     1 |     1 |     7 ||     9
       Scroll            |     1 |     8 |     7 ||    16
Armor: Robe              |    29 |   108 |   113 ||   250
Dodge: Dodged            |    34 |    92 |   104 ||   230
Block: Kite shield       |    35 |    88 |   190 ||   313
